 Dungeon Crawl Stone Soup version 0.18.1-5-g4a78601 (webtiles) character file.

176 Hipnos the Sneak (level 5, -8/36 HPs)
             Began as a Vampire Enchanter on May 14, 2016.
             Mangled by a wyvern (15 damage)
             ... on level 4 of the Dungeon.
             The game lasted 00:11:38 (2734 turns).

Hipnos the Sneak (Vampire Enchanter)                Turns: 2734, Time: 00:11:39

Health: -8/36      AC:  4    Str:  7    XL:     5   Next: 30%
Magic:  2/8        EV: 13    Int: 17    God:
Gold:   104        SH:  0    Dex: 16    Spells: 3 memorised, 2 levels left

rFire  . . .     SeeInvis +     a - +1 dagger
rCold  + . .     Gourm    .     k - +2 robe {rC+}
rNeg   + . .     Faith    .     (no shield)
rPois  .         Spirit   .     (no helmet)
rElec  .         Dismiss  .     (no cloak)
rCorr  .         Reflect  .     (no gloves)
SustAt .         Harm     .     (no boots)
MR     .....                    (no amulet)
Stlth  ++++......               (no ring)
                                i - ring of positive energy

@: regenerating quickly, not resistant to hostile enchantments, stealthy
A: fangs 3, see invisible, unbreathing
a: no special abilities


You were on level 4 of the Dungeon.
You were full.

You visited 1 branch of the dungeon, and saw 4 of its levels.

You collected 104 gold pieces.

Inventory:

Hand Weapons
 a - a +1 dagger (weapon)
 m - the +8 whip of Defiance {freeze, Str+5}
   (You found it on level 4 of the Dungeon)

   It has been specially enchanted to freeze those struck by it, causing extra
   injury to most foes and up to half again as much damage against particularly
   susceptible opponents.
   It can also slow down cold-blooded creatures.
   It affects your strength (+5).
Armour
 k - a +2 robe of cold resistance (worn)
Jewellery
 i - a ring of positive energy (left hand)
Wands
 p - a wand of iceblast (9/15)
Scrolls
 e - a scroll of teleportation
 g - 4 scrolls of identify {unknown}
 l - a scroll of fear {unknown}
 n - a scroll of fog {unknown}
Potions
 b - 2 potions of curing
 d - a potion of blood
 f - a potion of flight {unknown}
 h - a potion of berserk rage {unknown}
 j - a potion of cure mutation {unknown}
 o - a potion of mutation {unknown}
Books
 c - a book of Maledictions

   Spells                             Type                      Level
   a - Corona                         Hexes                        1
   b - Ensorcelled Hibernation        Hexes/Ice                    2
   c - Confuse                        Hexes                        3
   d - Tukima's Dance                 Hexes                        3
   e - Dazzling Spray                 Conjuration/Hexes            3


   Skills:
 + Level 0.3 Fighting
 * Level 2.4 Short Blades
 + Level 3.2 Dodging
 * Level 7.2 Stealth
 + Level 2.2 Spellcasting
 + Level 4.9 Hexes


You had 2 spell levels left.
You knew the following spells:

 Your Spells              Type           Power        Failure   Level  Hunger
a - Corona                Hex            ###....      2%          1    #......
b - Ensorcelled Hibernat  Hex/Ice        ##....       12%         2    ###....
c - Confuse               Hex            ###.....     10%         3    ###....


Dungeon Overview and Level Annotations

Branches:
Dungeon (4/15)
 Temple: D:4-7

Altars:
Xom


Innate Abilities, Weirdness & Mutations

Your natural rate of healing is unusually fast.
You have razor-sharp teeth.
You have supernaturally acute eyesight.
You can survive without breathing.


Message History

Aim: a wyvern (chance to defeat MR: 41%)
The wyvern resists with some effort.
The wyvern closely misses you.
Casting: Ensorcelled Hibernation
Confirm with . or Enter, or press ? or * to list all spells.
Aiming: Ensorcelled Hibernation
Press: ? - help, Shift-Dir - straight line, f/p - wyvern
Aim: a wyvern (chance to defeat MR: 41%)
The wyvern resists with some effort.
The wyvern barely misses you. The wyvern bites you!
Casting: Ensorcelled Hibernation
Confirm with . or Enter, or press ? or * to list all spells.
Aiming: Ensorcelled Hibernation
Press: ? - help, Shift-Dir - straight line, f/p - wyvern
Aim: a wyvern (chance to defeat MR: 41%)
The wyvern resists with some effort.
The wyvern bites you!!
Ouch! That really hurt!
* * * LOW HITPOINT WARNING * * *
Sorry, you're too full to transform right now.
The wyvern bites you!
You die...

.##.......###
#..........#
............##
..........##
##...........##
#).........#
##...........##
.......
##...........##>......
##....................
#.....................
#..............#......
#..........##.@......#
#.........####l.......
##.......## #........
###..#### #..######
##..# ...# #..## ..##
##..# #..# ##..## ....
#...# ....


You could see a wyvern.

Vanquished Creatures
  An orc priest (D:4)
  4 gnolls (D:2)
  2 adders (D:2)
  A worm (D:2)
  3 dart slugs
  A giant gecko (D:1)
  7 orcs
  2 giant cockroaches
  3 hobgoblins
  10 jackals
  7 kobolds
  2 ball pythons (D:2)
  8 bats
  7 giant newts
  10 goblins
  11 rats
79 creatures vanquished.

Notes
Turn   | Place    | Note
--------------------------------------------------------------
     0 | D:1      | Hipnos the Vampire Enchanter began the quest for the Orb.
     0 | D:1      | Reached XP level 1. HP: 13/13 MP: 3/3
   281 | D:1      | Reached XP level 2. HP: 19/19 MP: 5/5
   311 | D:1      | Learned a level 2 spell: Ensorcelled Hibernation
   583 | D:1      | Reached skill level 5 in Stealth
   875 | D:2      | Found a shimmering altar of Xom.
   890 | D:2      | Reached XP level 3. HP: 21/24 MP: 1/6
  1055 | D:2      | Found a shimmering altar of Xom.
  1163 | D:2      | Reached XP level 4. HP: 18/31 MP: 0/7
  1287 | D:2      | Reached skill level 6 in Stealth
  1824 | D:2      | Learned a level 3 spell: Confuse
  2259 | D:4      | Got an ichor-stained whip
  2260 | D:4      | Identified the +8 whip of Defiance {freeze, Str+5} (You found it on level 4 of the Dungeon)
  2288 | D:4      | Reached XP level 5. HP: 34/36 MP: 3/8
  2413 | D:4      | Reached skill level 7 in Stealth
  2729 | D:4      | Noticed a wyvern
  2734 | D:4      | Mangled by a wyvern

Skill      XL: |  1  2  3  4  5 |
---------------+----------------+-----
Stealth        | 5 6 7 |  7.2
Short Blades   | 2 |  2.4
Dodging        | 3 |  3.2
Fighting       | |  0.3
Spellcasting   | |  2.2
Hexes          | |  4.9

Action                   |  1- 3 |  4- 6 || total
-------------------------+-------+-------++-------
Melee: Dagger            |   105 |   113 ||   218
       Bite              |     4 |     5 ||     9
 Cast: Ensorcelled Hiber |     9 |    20 ||    29
       Confuse           |       |     6 ||     6
  Use: Potion            |     2 |       ||     2
       Scroll            |       |     1 ||     1
 Stab: Sleeping          |    23 |    14 ||    37
       Distracted        |     1 |       ||     1
       Confused          |       |     1 ||     1
  Eat: Corpse            |     6 |     8 ||    14
Armor: Robe              |    48 |    14 ||    62
Dodge: Dodged            |    86 |    69 ||   155
